Unix NetHack Version 5.0.0-0 post-release - last build Jun 10 2026 00:39:30 (3ee93aec679c4c4259841fe613dc97188e26a321,branch:main).

Game began 2026-06-15 22:50:44, ended 2026-06-22 09:58:09.

Anarchos, lawful female dwarven Valkyrie

                                     #####                   ------
 ---------      -----          ---   #-----                  |.)..|
 |.......|     #-...|        |...|   #|>..|       ------     |)....##
 |.......|`#####|..^|)#######-...|   #|}..|    ###.....|     --.--- #
 |.......-#    #....|#       |...-####|...|    #  |(...|       #    #
 ---|-----   ###---|.        |...|   #..{%|    #  --.---    ####    #
    #        #     ####        -.-   #|=@..#   #    # #     #       #
    #######  #        ##        ##   #-----#   #    ###     #       #
          #  #         ###########   #   ###   #      #     #       #
          #  #                  ### ### ####   #     ########       #
     -----.- #                  -.-  #   #-.---#     ##             #
     |.....| #                 --.-- #   #-...|#     ##             #
     |......[#                --...--#    |...|#     ####           #-----
     |.....|                  |..<...#    |....##   ##  #           [|..`|
     -------                  --...--     |.*.| #  -.---.--------   #|...|
                               --.--      |..`|  # -..`.........|   )|.`.|
                                ---       -----    |.........%..|   #.).`|
                                                   |............|    |[``|
                                                   --------------    -----

Anarchos the Woman-at-arms  St:18/01 Dx:11 Co:20 In:8 Wi:9 Ch:8  Lawful
Dlvl:13 $:0  HP:0(144) Pw:25(25) AC:-2 Xp:11 T:13059 

Latest messages:
 Your movements are now unencumbered.
 An aklys lands on the altar.
 A faded pall lands on the altar.
 A leather cloak lands on the altar.
 A mummy wrapping lands on the altar.
 An orcish cloak lands on the altar.
 A leather armor lands on the altar.
 A leather armor lands on the altar.
 A leather armor lands on the altar.
 You cannot drop something you are wearing.
 You cannot drop something you are wearing.
 You hear some noises in the distance.
 You see here a blessed bag containing 49 items.
 o - a blessed bag containing 49 items.
 u - an uncursed faded pall.
 What do you want to take off? [cNPR or ?*] R
 You were wearing a blessed +3 dwarvish cloak.
 What do you want to wear? [uR or ?*] u
 You are now wearing a faded pall.
 What do you want to take off? [cuNP or ?*] u
 You were wearing an uncursed +0 faded pall.
 What do you want to drop? [a-cei-lo-qtuCGIKM-RWY or ?*] u
 An uncursed +0 faded pall lands on the altar.
 The wood nymph removes your moonstone ring (from left hand).
 She stole a moonstone ring.
 The wood nymph vanishes!
 What do you want to wear? [R or ?*] R
 You are now wearing a dwarvish cloak.
 What do you want to zap? [jlGIMQ or ?*] T
 You don't have that object.
 What do you want to zap? [jlGIMQ or ?*] <esc>
 Never mind.
 What do you want to use or apply? [bi-loqtGIMQW or ?*] o
 T - an uncursed wand of create monster.
 What do you want to zap? [jlGIMQT or ?*] T
 A spotted jelly suddenly appears next to you!
 You hit the spotted jelly!
 You are splashed by the spotted jelly's acid!
 You hit the spotted jelly!
 The immobile spotted jelly seems to flinch.
 You are splashed by the spotted jelly's acid!
 You hit the spotted jelly!
 You are splashed by the spotted jelly's acid!
 You hear some noises in the distance.
 You feel more confident in your weapon skills.
 You kill the spotted jelly!
 You are splashed by the spotted jelly's acid!
 You die...
 Do you want your possessions identified? [ynq] (y) y
 Do you want to see your attributes? [ynq] (y) q

Inventory:
 Weapons  (')')
  a - a +5 dwarvish spear
  C - the +2 Orcrist (weapon in right hand)
 Armor    ('[')
  N - an uncursed rusty +0 orcish helm (being worn)
  P - an uncursed very rusty +0 pair of iron shoes (being worn)
  c - an uncursed +3 small shield (being worn)
  R - a blessed +3 dwarvish cloak (being worn)
  e - an uncursed +0 elven mithril-coat (being worn)
 Comestibles  ('%')
  K - an uncursed carrot
  Y - an uncursed clove of garlic
 Rings    ('=')
  p - an uncursed ring of see invisible (on right hand)
 Wands    ('/')
  T - a wand of create monster (0:6)
  l - a wand of digging (0:6)
  j - a wand of enlightenment (0:12)
  I - a wand of polymorph (0:7)
  G - a blessed wand of secret door detection (0:11)
  M - a wand of sleep (0:5)
  Q - a wand of striking (0:0)
 Tools    ('(')
  o - a blessed bag of holding containing 48 items
  t - an uncursed leash
  k - an uncursed lock pick
  b - an uncursed oil lamp
  q - an uncursed pair of lenses (being worn)
  W - an uncursed tin whistle
  i - a +0 unicorn horn

Contents of the bag of holding:
  6764 gold pieces
  a +0 elven bow
  a thoroughly rusty +0 dagger
  a +0 elven dagger
  the +0 Sting
  an uncursed +0 elven cloak
  a blessed +0 mummy wrapping
  an uncursed +0 mummy wrapping
  6 uncursed food rations
  2 uncursed eggs
  an uncursed scroll of blank paper
  a blessed scroll of confuse monster
  an uncursed scroll of earth
  an uncursed scroll of fire
  an uncursed scroll of genocide
  2 uncursed scrolls of identify
  an uncursed scroll of light
  an uncursed scroll of remove curse
  2 uncursed scrolls of teleportation
  an uncursed spellbook of healing
  an uncursed spellbook of wizard lock
  an uncursed potion of blindness
  a cursed potion of enlightenment
  an uncursed potion of gain level
  3 potions of holy water
  an uncursed -2 ring of adornment
  an uncursed ring of polymorph
  an uncursed ring of polymorph
  an uncursed ring of protection from shape changers
  an uncursed ring of regeneration
  a wand of make invisible (0:3)
  a wand of slow monster (0:6)
  a wand of slow monster (0:4)
  a +0 grappling hook
  an uncursed leash
  an uncursed leash
  an uncursed mirror
  a +0 unicorn horn
  a +0 unicorn horn
  an uncursed amber stone
  an uncursed citrine stone
  an uncursed obsidian stone
  an uncursed opal
  2 uncursed worthless pieces of black glass
  an uncursed worthless piece of green glass
  an uncursed worthless piece of orange glass
  an uncursed worthless piece of red glass
  an uncursed worthless piece of violet glass

Anarchos the Valkyrie's attributes:

Background:
 You were a Woman-at-arms, a level 11 dwarven Valkyrie.
 You were lawful, on a mission for Tyr
 who was opposed by Odin (neutral) and Loki (chaotic).
 You were right-handed.
 You were in the Dungeons of Doom, on level 13.
 You entered the dungeon 13059 turns ago.
 You had 10711 experience points, 9289 more were needed to attain level 12.

Basics:
 You had 0 out of 144 hit points.
 You had all 25 energy points (spell power).
 Your armor class was -2.
 Your wallet was empty, but
 you had 6764 zorkmids stashed away in your pack.
 Autopickup was on for all types.

Final Characteristics:
 Your strength was 18/01 (limit:18/100).
 Your dexterity was 11 (peak:12, limit:20).
 Your constitution was 20 (limit:20).
 Your intelligence was 8 (limit:16).
 Your wisdom was 9 (limit:16).
 Your charisma was 8 (limit:16).

Final Status:
 You weren't hungry.
 You were unencumbered.
 You were wielding a broadsword.
 You had basic skill with broadsword and could have enhanced that.

Final Attributes:
 You were piously aligned.
 Your items were somewhat protected from fire.
 You were cold resistant.
 Your items were somewhat protected from cold.
 You were sleep resistant.
 You were poison resistant.
 You saw invisible.
 You were aware of the presence of orcs.
 You had infravision.
 You were stealthy.
 You were guarded.
 Your spell casting was impaired by metallic armor.
 You were fast.
 You were lucky.
 You are dead.

Miscellaneous:
 You didn't encounter any bones levels.
 Total elapsed playing time was 7 hours, 22 minutes and 9 seconds.

Major events:
 Turn
    1: Anarchos the lawful dwarven Valkyrie entered the dungeon
 1194: attained the rank of Skirmisher (level 3)
 2445: attained the rank of Fighter (level 6)
 5107: entered Sokoban
 5407: completed 1st Sokoban level
 5651: completed 2nd Sokoban level
 6210: completed 3rd Sokoban level
 6518: chose an elven dagger to be named "Sting"
 6518: chose an elven broadsword to be named "Orcrist"
 7768: completed 4th Sokoban level
 9130: acquired the Sokoban bag of holding
 9250: attained the rank of Woman-at-arms (level 10)
13059: killed by a spotted jelly

Spells:
 Name                 Level Category     Fail Retention
 healing                1   healing      100%   51%-75%
 wizard lock            2   matter       100%   51%-75%

Skills:
 Fighting Skills
   bare handed combat [Unskilled]
   two weapon combat  [Unskilled]
   riding             [Unskilled]
 Weapon Skills
   dagger             [Basic]
   axe                [Unskilled]
   pick-axe           [Unskilled]
   short sword        [Unskilled]
   broadsword         [Basic]
   long sword         [Unskilled]
   two-handed sword   [Unskilled]
   saber              [Unskilled]
   hammer             [Unskilled]
   quarterstaff       [Unskilled]
   polearms           [Unskilled]
   spear              [Expert]
   trident            [Unskilled]
   lance              [Unskilled]
   sling              [Unskilled]
 Spellcasting Skills
   attack spells      [Unskilled]
   escape spells      [Unskilled]

Voluntary challenges:
 Character rerolling was not enabled.
 You never genocided any monsters.
 You never polymorphed an object.
 You used no wishes.
 You violated the special Sokoban rules 4 times.
Achievements:
 You attained the rank of Skirmisher.
 You entered a shop.
 You attained the rank of Fighter.
 You entered Sokoban.
 You completed Sokoban.
 You attained the rank of Woman-at-arms.

 The Dungeons of Doom: levels 1 to 13
    Level 1:
       A sink.
    Level 2:
       A fountain.
    Level 3:
    Level 4:
       A potion shop.
    Level 5:
    Level 6:
       A fountain.
    Level 7:
    Level 8:
       Some fountains.
       Oracle of Delphi.
    Level 9:
       A vegetarian food shop.
       Stairs up to Sokoban, level 8.
    Level 10:
    Level 11:
       A grave.
    Level 12:
    Level 13: <- You were here.
       An altar to Tyr, a fountain.
       Final resting place for
          you, killed by a spotted jelly.
 Sokoban: levels 8 up to 5
    Level 5:
       Solved.
    Level 6:
       Solved.
    Level 7:
       Solved.
    Level 8:
       Solved.


Vanquished creatures:
  4 queen bees
  2 giant mimics
  2 long worms
 an ogre tyrant
  3 large mimics
  2 stalkers
  a giant mummy
  7 wargs
  3 small mimics
  a glass piercer
  6 xans
 an ettin mummy
 an ogre leader
  2 trolls
  a sasquatch
  4 wood golems
  a large dog
  3 freezing spheres
  2 flaming spheres
  a shocking sphere
  3 tigers
  a gargoyle
  a dwarf ruler
 an ochre jelly
  2 leocrottas
  a mountain centaur
 an elf mummy
  a red naga
  a pit viper
  a cobra
  3 ettin zombies
  a leather golem
  5 Grey-elves
 an amorous demon
  a chameleon
  a quivering blob
  3 cockatrices
  a wolf
  3 winter wolf cubs
  a lynx
  a gremlin
  a spotted jelly
 an orc-captain
  a giant spider
  a scorpion
 an ice vortex
  4 black lights
  a vampire bat
  a forest centaur
  2 orc mummies
  2 dwarf mummies
  3 rust monsters
  3 owlbears
  3 yetis
  a gold golem
  3 Green-elves
  a jaguar
  a blue jelly
  3 gray unicorns
  a dust vortex
  2 plains centaurs
  a snake
  3 human zombies
  2 rope golems
  2 Woodland-elves
 10 soldier ants
  2 bugbears
  a wood nymph
  a mountain nymph
 13 Mordor orcs
 11 Uruk-hai
  2 rock piercers
  2 rock moles
 18 fog clouds
  3 yellow lights
  2 shriekers
  a violet fungus
  a gnome leader
  2 gnomish wizards
  a gray ooze
  4 straw golems
  a paper golem
  4 giant ants
  a little dog
  a floating eye
  a homunculus
  a kobold shaman
  2 hill orcs
  a rothe
  3 rabid rats
  2 monkeys
  2 orc zombies
  a dwarf zombie
  a wererat
  4 iguanas
 19 killer bees
  2 acid blobs
  a gas spore
  a hobbit
  4 manes
  4 hobgoblins
  3 cave spiders
  a yellow mold
  a green mold
  a red mold
  a gnome
  7 garter snakes
  a gnome zombie
  7 geckos
  7 jackals
  2 foxes
  3 kobolds
  a goblin
  7 grid bugs
  a bat
  4 lichens
  7 newts
310 creatures vanquished.

No species were genocided or became extinct.

Game over:
                       ----------
                      /          \
                     /    REST    \
                    /      IN      \
                   /     PEACE      \
                  /                  \
                  |     Anarchos     |
                  |     6764 Au      |
                  |   killed by a    |
                  |  spotted jelly   |
                  |                  |
                  |                  |
                  |       2026       |
                 *|     *  *  *      | *
        _________)/\\_//(\/(/\)/\//\/|_)_______

Farvel Anarchos the Valkyrie...

You died in The Dungeons of Doom on dungeon level 13 with 49732 points,
and 6764 pieces of gold, after 13059 moves.
You were level 11 with a maximum of 144 hit points when you died.

